 Dungeon Crawl Stone Soup version 0.23-a0-446-g036aa52 (webtiles) character file.

481 ToodlePip the Firebug (level 6, -4/47 HPs)
             Began as a Centaur Fire Elementalist on Nov 18, 2018.
             Was an Initiate of Sif Muna.
             Slain by an ice beast (6 damage)
             ... on level 5 of the Dungeon.
             The game lasted 00:14:33 (5328 turns).

ToodlePip the Firebug (Centaur Fire Elementalist)   Turns: 5328, Time: 00:14:34

Health: -4/47      AC:  4    Str: 12    XL:     6   Next: 87%
Magic:  2/11       EV:  9    Int: 14    God:    Sif Muna [......]
Gold:   143        SH:  0    Dex: 10    Spells: 8/12 levels left

rFire    . . .     SeeInvis .   v - +0 trident
rCold    . . .     Gourm    .   (no shield)
rNeg     . . .     Faith    +   a - +0 robe
rPois    .         Spirit   .   (no helmet)
rElec    .         Reflect  .   (no cloak)
rCorr    .         Harm     .   (no gloves)
MR       .....                  (no barding)
Stlth    +.........             w - amulet of faith
HPRegen  0.15/turn              (no ring)
MPRegen  0.12/turn              (no ring)

@: very quick
A: large, hooves 3, deformed body, speed 2, tough skin 3
a: Renounce Religion


You were on level 5 of the Dungeon.
You worshipped Sif Muna.
Sif Muna was noncommittal.
You were hungry.

You visited 1 branch of the dungeon, and saw 5 of its levels.

You collected 143 gold pieces.

Inventory:

Hand Weapons
 k - a +0 spear
 l - a +0 dagger
 m - a +0 flail
 v - a +0 trident (weapon)
Missiles
 f - 105 stones (quivered)
 g - 69 sling bullets
 y - 7 tomahawks
 A - 16 poisoned needles
Armour
 a - a +0 robe (worn)
 h - a cursed -2 scale mail
 x - a +0 ring mail
Jewellery
 w - an amulet of faith (around neck)
Wands
 z - a wand of paralysis (4)
Scrolls
 b - 2 scrolls of amnesia {unknown}
 j - 2 scrolls of identify {unknown}
 n - 2 scrolls of blinking {unknown}
 p - a scroll of teleportation {unknown}
 s - a scroll of remove curse {unknown}
 t - a scroll of random uselessness {unknown}
Potions
 d - a potion of resistance {unknown}
 e - a potion of invisibility {unknown}
 i - a potion of lignification {unknown}
 o - a potion of curing {unknown}
 q - a potion of mutation {unknown}
 r - a potion of berserk rage {unknown}
 u - a potion of brilliance {unknown}
Comestibles
 c - 8 rations


   Skills:
 + Level 1.1 Fighting
 + Level 2.3 Polearms
 - Level 0.1 Throwing
 - Level 1.3 Dodging
 - Level 1.1 Stealth
 + Level 3.5 Spellcasting
 + Level 2.9 Conjurations
 + Level 4.2 Fire Magic


You had 8 spell levels left.
You knew the following spells:

 Your Spells              Type           Power        Failure   Level  Hunger
a - Flame Tongue          Conj/Fire      ##...        4%          1    #......
b - Conjure Flame         Conj/Fire      ##......     14%         3    ###....

Your spell library contained the following spells:

 Spells                   Type           Power        Failure   Level  Hunger
 Throw Flame              Conj/Fire      ##....       7%          2    ##.....
 Inner Flame              Hex/Fire       #.......     26%         3    ###....
 Sticky Flame             Conj/Fire      ##......     43%         4    #####..
 Fireball                 Conj/Fire      ##........   78%         5    ######.


Dungeon Overview and Level Annotations

Branches:
Dungeon (5/15)
 Temple: D:4-7

Altars:
Gozag
Makhleb
Qazlal
Sif Muna
Xom
Zin

Annotations:
D:2 exclusion: downstairs


Innate Abilities, Weirdness & Mutations

You have hooves in place of feet.
Armour fits poorly on your strangely shaped body.
You cover ground very quickly.
You have extremely tough skin. (AC +3)


Message History

The flame tongue hits the ice beast.
The ice beast melts!
The ice beast is almost dead.
The ice beast closely misses you.
Casting: Flame Tongue (safe; 4% risk of failure)
Confirm with . or Enter, or press ? or * to list all spells.
Aiming: Flame Tongue (safe; 4% risk of failure)
Press: ? - help, Shift-Dir - straight line, f/p - ice beast
Aim: an ice beast (almost dead)
The flame tongue misses the ice beast.
The ice beast completely misses you.
Casting: Flame Tongue (safe; 4% risk of failure)
Confirm with . or Enter, or press ? or * to list all spells.
Aiming: Flame Tongue (safe; 4% risk of failure)
Press: ? - help, Shift-Dir - straight line, f/p - ice beast
Aim: an ice beast (almost dead)
The flame tongue hits the ice beast.
The ice beast appears unharmed.
The ice beast is almost dead.
The ice beast hits you.
* * * LOW HITPOINT WARNING * * *
The ice beast freezes you.
You die...

#.......$....####
#................
.#................
......#...........
......#...........
.................
#.............
#.@Y..!......
.............##...
.......###...#
....### #......
##. ....### #
o...# ....# .o....


You could see an ice beast.

Vanquished Creatures
  An ogre (D:4)
  A phantom (D:4)
  2 hounds (D:4)
  An orc priest (D:3)
  2 bullfrog skeletons (D:4)
  Ijyb (D:4)
  An orc wizard (D:3)
  A worker ant (D:4)
  A hound skeleton (D:4)
  An adder (D:3)
  3 worms
  A dart slug (D:1)
  2 leopard geckos (D:4)
  6 orcs
  2 giant cockroaches
  8 goblins
  4 hobgoblins
  6 jackals
  7 bats
  4 frilled lizards
  3 kobolds
  2 rats
60 creatures vanquished.

Notes
Turn   | Place    | Note
-------+----------+-------------------------------------------
     0 | D:1      | ToodlePip the Centaur Fire Elementalist began the quest for
                  | the Orb.
     0 | D:1      | Reached XP level 1. HP: 14/14 MP: 3/3
   365 | D:1      | Reached XP level 2. HP: 20/20 MP: 3/5
   578 | D:1      | Reached skill level 1 in Conjurations
   976 | D:2      | Reached skill level 3 in Fire Magic
  1390 | D:2      | Reached XP level 3. HP: 23/26 MP: 0/6
  2311 | D:3      | Found a stormy altar of Qazlal.
  2392 | D:3      | Learned a level 3 spell: Conjure Flame
  2477 | D:3      | Found a glowing silver altar of Zin.
  3513 | D:3      | Reached XP level 4. HP: 18/34 MP: 3/7
  3658 | D:3      | Reached skill level 1 in Polearms
  3773 | D:3      | Found a deep blue altar of Sif Muna.
  3773 | D:3      | Found an opulent altar of Gozag.
  3776 | D:3      | Found a shimmering altar of Xom.
  3821 | D:3      | Became a worshipper of Sif Muna the Loreminder
  3902 | D:4      | Reached XP level 5. HP: 39/39 MP: 0/9
  4004 | D:4      | Found a burning altar of Makhleb.
  4308 | D:4      | Noticed a phantom
  4347 | D:4      | Killed a phantom
  4347 | D:4      | Reached skill level 4 in Fire Magic
  4347 | D:4      | Reached XP level 6. HP: 27/46 MP: 0/10
  4594 | D:4      | Reached skill level 1 in Fighting
  5150 | D:4      | Noticed Ijyb
  5161 | D:4      | Paralysed by Ijyb for 2 turns
  5167 | D:4      | Paralysed by Ijyb for 5 turns
  5177 | D:4      | Killed Ijyb
  5277 | D:5      | Entered Level 5 of the Dungeon
  5312 | D:5      | Noticed an ice beast
  5328 | D:5      | HP: 2/47 [ice beast (3)]
  5328 | D:5      | Slain by an ice beast

Vault maps used:
D:1:      lightli_arrival_flooded_house, serial_curves, eino_curves_03,
          eino_curves_03, eino_curves_02, eino_curves_03
D:2:      first_ration, glass_columns_c, kennysheep_small_spiral,
          feat_on_display
D:3:      grunt_qazlal_clouds, chequers_temple_overflow_statue_of_worship,
          zin_treasury
D:4:      makhleb_heckhound_becter, grunt_tough_drop, uniq_ijyb
D:5:      minmay_manual_mandibuliform, uniq_duvessa, uniq_prince_ribbit1

Skill      XL: |  1  2  3  4  5  6 |
---------------+-------------------+-----
Spellcasting   | 2 3 |  3.5
Conjurations   | 1 2 |  2.9
Fire Magic     | 3 4 |  4.2
Polearms       | 1 2 |  2.3
Fighting       | 1 |  1.1
Throwing       | |  0.1
Dodging        | |  1.3
Stealth        | |  1.1

Action                   |  1- 3 |  4- 6 || total
-------------------------+-------+-------++-------
Melee: Unarmed           |    14 |       ||    14
       Kick              |    10 |     4 ||    14
       Spear             |    48 |       ||    48
       Flail             |     3 |       ||     3
       Trident           |       |    51 ||    51
Throw: Stone             |    19 |       ||    19
 Cast: Flame Tongue      |    82 |    51 ||   133
       Conjure Flame     |       |     5 ||     5
 Stab: Sleeping          |     1 |       ||     1
  Eat: Chunk             |     5 |     5 ||    10
       Ration            |     1 |       ||     1
Armor: Robe              |    42 |    12 ||    54
Dodge: Dodged            |    46 |    26 ||    72

Table legend:
 A = Non-vault XP
 B = Vault XP
 C = Vault XP percentage of total XP
 D = Non-vault monster count
 E = Vault monster count
 F = Vault count percentage of total count
                 A         B        C        D         E       F
            +---------+---------+-------+---------+---------+-------
      Total |     577 |     111 |  16.1 |      57 |       3 |   5.0
            +---------+---------+-------+---------+---------+-------
        D:1 |      19 |       0 |   0.0 |      11 |       0 |   0.0
        D:2 |      35 |       0 |   0.0 |      17 |       0 |   0.0
        D:3 |     117 |       0 |   0.0 |      17 |       0 |   0.0
        D:4 |     400 |     111 |  21.7 |      10 |       3 |  23.1
        D:5 |       6 |       0 |   0.0 |       2 |       0 |   0.0
            +---------+---------+-------+---------+---------+-------
